Map: Cactus Valley LE (Void)

Players

Elazer

  • Race: Zerg Zerg
  • Spawn Location: 11:00

PiLiPiLi - Winner!

  • Race: Protoss Protoss
  • Spawn Location: 1:00

Event: IEM XI Katowice - World Championship 2017

VOD

Have the link to the VOD?

Description

Time

  • Played on: Feb. 27, 2017, 1:57 p.m.
  • Length: 9:15

All games in this series

Show
View Real Time Build Order
Export as new Build Order

Elazer Zerg 

Build Orders: Pool First 

Get SALT Encoding   

  12  0:00  Drone  
  13  0:12  Overlord  
  13  0:17  Drone  
  14  0:30  Drone x2  
  14  0:34  Drone  
  17  0:44  Extractor  
  17  0:45  Drone  
  17  0:50  Spawning Pool  
  17  0:55  Drone  
  17  1:07  Drone  
  18  1:18  Hatchery  
  18  1:22  Drone  
  18  1:37  Zergling x2, Queen  
  21  1:45  Metabolic Boost  
  21  1:50  Overlord  
  21  1:54  Drone  
  22  2:13  Queen, Drone  
  25  2:18  Drone  
  26  2:25  Zergling x2  
  27  2:31  Zergling x2  
  27  2:32  Zergling x2  
  29  2:41  Zergling x2  
  29  2:43  Zergling x2  
  33  2:44  Overlord  
  33  2:45  Drone  
  33  2:47  Drone  
  33  2:59  Hatchery  
  33  3:00  Pneumatized Carapace  
  33  3:02  Drone  
  33  3:05  Drone  
  33  3:07  Drone  
  35  3:14  Overlord  
  35  3:15  Drone  
  35  3:21  Drone  
  35  3:25  Drone  
  37  3:32  Drone x2  
  39  3:34  Drone  
  39  3:35  Drone  
  41  3:46  Queen  
  43  3:49  Overlord  
  43  3:55  Drone x3  
  46  3:57  Drone x2  
  46  4:00  Overlord  
  46  4:02  Zergling x2  
  49  4:03  Zergling x4  
  49  4:09  Baneling Nest  
  50  4:10  Evolution Chamber  
  50  4:11  Queen  
  50  4:13  Drone  
  52  4:18  Drone x2  
  52  4:20  Drone x2  
  52  4:22  Drone  
  57  4:26  Queen  
  57  4:30  Zergling x2  
  60  4:31  Drone  
  60  4:36  Overlord  
  61  4:41  Drone  
  61  4:42  Drone  
  61  4:44  Spore Crawler x2, Drone  
  62  4:47  Drone x2  
  62  4:51  Overlord, Drone  
  65  4:57  Zerg Melee Weapons Level 1, Baneling  
  65  5:01  Overlord  
  65  5:02  Drone  
  65  5:05  Queen  
  69  5:07  Baneling  
  69  5:08  Zergling x6  
  69  5:10  Zergling x4  
  74  5:15  Baneling  
  74  5:16  Overlord  
  74  5:17  Drone  
  74  5:18  Drone  
  74  5:20  Extractor  
  75  5:24  Overlord  
  75  5:26  Zergling x6  
  78  5:34  Zergling x6  
  81  5:39  Drone x4  
  85  5:44  Overlord  
  85  5:45  Baneling x2  
  85  5:46  Drone x2  
  85  5:48  Drone  
  88  5:50  Hatchery  
  88  5:54  Overlord  
  84  5:57  Overlord  
  84  6:00  Zergling x4  
  84  6:01  Zergling x6  
  88  6:09  Drone x2  
  86  6:12  Overlord  
  86  6:13  Drone  
  86  6:14  Lair  
  86  6:16  Zergling x2  
  86  6:17  Zergling x10  
  93  6:22  Overlord, Baneling x2  
  93  6:26  Drone x2  
  93  6:27  Roach Warren  
  93  6:28  Extractor  
  93  6:29  Drone x2  
  93  6:30  Drone  
  93  6:36  Overlord  
  93  6:40  Zergling x4  
  93  6:43  Overlord  
  95  6:50  Zergling x4, Overlord  
  95  6:51  Zergling x6  
  98  6:54  Drone x2  
  98  6:55  Drone  
  98  7:00  Baneling x2  
  99  7:06  Overlord  
  99  7:07  Drone x2  
  101  7:12  Roach x3  
  101  7:14  Roach  
  109  7:16  Extractor  
  109  7:17  Drone x2  
  109  7:18  Drone  
  109  7:21  Overlord  
  109  7:22  Zergling x8  
  114  7:33  Ravager x3  
  114  7:34  Zergling x16, Ravager  
  114  7:36  Baneling x3  
  126  7:39  Baneling  
  126  7:40  Zergling x6  
  126  7:41  Zergling x6  
  132  7:46  Baneling x3  
  126  7:53  Zergling x10  
  126  7:54  Zergling x2  
  126  7:55  Baneling x3  
  126  7:56  Baneling  
  130  8:00  Overlord  
  130  8:01  Zergling x2  
  130  8:02  Zergling x2  
  116  8:07  Zergling x10  
  116  8:12  Zergling x4  
  106  8:16  Roach  
  106  8:18  Roach x3  
  111  8:23  Zergling x6  
  111  8:24  Baneling x3  
  111  8:25  Baneling x3  
  111  8:26  Baneling  
  107  8:28  Zergling x4  
  99  8:35  Zergling x4  
  99  8:36  Queen x2  
  99  8:37  Queen  
  99  8:39  Zergling x8  
  100  8:43  Zergling x4  
  100  8:45  Zergling x6  
  100  8:48  Zergling x2  
  95  8:52  Roach x2  
  95  8:53  Roach  
  95  8:55  Baneling x4  
Show
View Real Time Build Order
Export as new Build Order

PiLiPiLi Protoss - Winner!

Build Orders:  

Get SALT Encoding   

  12  0:00  Probe (Chrono Boost)  
  13  0:11  Probe (Chrono Boost)  
  14  0:19  Pylon  
  14  0:22  Probe (Chrono Boost)  
  15  0:38  Probe (Chrono Boost)  
  15  0:39  Gateway  
  16  0:45  Assimilator  
  16  0:48  Probe (Chrono Boost)  
  17  0:59  Probe (Chrono Boost)  
  18  1:06  Gateway  
  18  1:09  Probe (Chrono Boost)  
  19  1:20  Probe (Chrono Boost)  
  20  1:27  Cybernetics Core  
  20  1:30  Probe (Chrono Boost)  
  20  1:31  Pylon  
  21  1:52  Nexus  
  21  2:02  Adept x2  
  21  2:05  Warp Gate  
  25  2:11  Probe (Chrono Boost)  
  26  2:19  Assimilator  
  27  2:23  Probe (Chrono Boost)  
  27  2:28  Pylon  
  27  2:33  Adept  
  27  2:35  Probe (Chrono Boost)  
  30  2:46  Stalker  
  32  2:52  Probe (Chrono Boost)  
  33  3:01  Twilight Council  
  33  3:04  Probe (Chrono Boost)  
  35  3:05  Probe (Chrono Boost)  
  35  3:16  Probe x2 (Chrono Boost)  
  37  3:25  Resonating Glaives  
  37  3:27  Probe (Chrono Boost)  
  39  3:28  Probe (Chrono Boost)  
  39  3:39  Mothership Core (Chrono Boost)  
  39  3:40  Probe (Chrono Boost)  
  42  3:43  Gateway  
  42  3:52  Probe (Chrono Boost), Robotics Facility  
  43  3:58  Probe (Chrono Boost)  
  44  4:03  Probe (Chrono Boost)  
  44  4:09  Assimilator, Probe (Chrono Boost)  
  46  4:13  Pylon  
  46  4:15  Probe (Chrono Boost)  
  47  4:19  Probe (Chrono Boost)  
  48  4:25  Adept  
  48  4:26  Adept  
  48  4:27  Probe (Chrono Boost)  
  48  4:28  Pylon  
  48  4:30  Probe (Chrono Boost)  
  54  4:34  Warp Prism  
  55  4:39  Probe (Chrono Boost)  
  55  4:42  Probe (Chrono Boost)  
  55  4:43  Pylon  
  58  4:49  Adept  
  58  4:51  Probe (Chrono Boost)  
  61  4:54  Probe (Chrono Boost)  
  61  4:56  Adept x2  
  66  5:03  Probe (Chrono Boost)  
  66  5:06  Probe (Chrono Boost)  
  68  5:09  Nexus  
  68  5:13  Pylon  
  69  5:22  Probe (Chrono Boost)  
  69  5:26  Adept x3  
  69  5:28  Immortal  
  76  5:29  Probe (Chrono Boost)  
  81  5:37  Probe (Chrono Boost)  
  81  5:41  Probe (Chrono Boost)  
  82  5:45  Pylon  
  82  5:47  Pylon  
  82  6:03  Probe (Chrono Boost)  
  83  6:06  Immortal  
  83  6:10  Sentry x3  
  93  6:15  Gateway  
  93  6:16  Gateway  
  93  6:17  Gateway  
  93  6:18  Gateway  
  93  6:21  Gateway  
  93  6:23  Probe (Chrono Boost)  
  95  6:26  Probe x2 (Chrono Boost)  
  95  6:35  Probe (Chrono Boost)  
  95  6:37  Sentry x3  
  95  6:38  Probe (Chrono Boost)  
  95  6:39  Probe (Chrono Boost)  
  102  6:43  Pylon  
  102  6:44  Pylon  
  103  6:48  Probe x2 (Chrono Boost)  
  103  6:51  Probe (Chrono Boost)  
  95  6:59  Probe (Chrono Boost)  
  95  7:00  Probe (Chrono Boost)  
  95  7:02  Sentry x2  
  95  7:03  Probe (Chrono Boost)  
  99  7:11  Probe (Chrono Boost)  
  100  7:22  Probe (Chrono Boost)  
  99  7:32  Immortal  
  99  7:33  Adept x5  
  99  7:34  Adept x3  
  119  7:50  Probe (Chrono Boost)  
  118  7:51  Probe (Chrono Boost)  
  118  7:54  Adept x2  
  118  7:55  Adept x2  
  118  7:56  Adept x2, Sentry  
  127  8:07  Adept  
  127  8:12  Adept x2  
  121  8:18  Stalker  
  121  8:19  Stalker x3  
  123  8:23  Adept x3  
  111  8:35  Adept  
  109  8:43  Adept x3  
  99  8:50  Adept x3  

Tags
 
Add a new tag
Caveats
  • Supply blocks, unpowered buildings, or Contaminate may cause inaccurate times.
  • Supply counts are checked every 10 seconds.